Dynamic Boxscore Link
New York City
Knights
11-11
2
FINAL
4
Cape Cod
Stingrays
11-13
Summary
Boxscore
Lineups
Recap

1st Period

1-0 STIScore
17:23Time
5v5Type

2nd Period

1-1 TiedScore
7:04Time
5v5Type
2-1 STIScore
13:43Time
5v5Type
3-1 STIScore
18:43Time
5v5Type

3rd Period

3-2 STIScore
5:36Time
5v5Type
4-2 STIScore
19:36Time
Empty NetType

Penalties

2nd Period
Brady Europe (STI) for Hooking (Minor) at 14:37
3rd Period
Cameron Lodewyks (KNI) for Roughing (Minor) at 14:35
KNI
STI

New York City Knights

# Player Pos G A PTS +/- S PIM TOI SB Hits GA TA
18 Darrel Bax D 0 2 2 -2 3 0 23:27 1 3 1 2
90 Maitland Mcclerey C 0 1 1 1 1 0 08:02 0 0 0 0
69 Valentin Midyushko RW 1 0 1 1 1 0 08:26 1 0 1 0
0 Yakov Kabanov LW 1 0 1 -1 2 0 14:04 0 0 0 0
0 Elliot Poissant D 0 1 1 -2 2 0 23:45 0 2 0 2
18 German Tabanov RW 0 0 0 -1 3 0 18:51 0 0 0 1
0 Gennady Yarkovoi RW 0 0 0 -1 1 0 13:39 0 1 0 1
0 Geordie Mcgee LW 0 0 0 1 1 0 07:45 0 0 0 0
0 Cameron Lodewyks C 0 0 0 -1 2 2 18:38 0 4 1 1
0 Steven Pinsonneault LW 0 0 0 0 2 0 18:08 0 1 0 1
0 Dominic Saunderson D 0 0 0 1 0 0 20:40 4 3 1 0
97 Rodney Brockman LW 0 0 0 -2 5 0 19:40 3 0 0 1
0 Jonah Keitaanranta D 0 0 0 -1 1 0 15:35 1 0 0 0
0 Ragnvald Myntti RW 0 0 0 -1 2 0 18:37 0 0 0 0
99 Timothy Chisholm C 0 0 0 -1 3 0 18:51 1 0 0 2
0 Samuel Hammer D 0 0 0 1 1 0 20:58 4 1 0 0
77 Bryan Weiss C 0 0 0 -1 2 0 13:19 0 0 0 0
0 Reece Driedger D 0 0 0 -1 0 0 15:35 1 2 0 0
# Goalie GA SA SV SV% TOI
0 Tor Kronberg 3 35 32 0.914 59:13
0 Pierre-Anthony Back 0 0 0 0.000 0:00
KNI
STI

Knights

Knights

5 vs 5 Forward
Line #Left WingCenterRight WingPHYDFOFWanted %Time %Time Play
1Steven PinsonneaultTimothy ChisholmGerman Tabanov0233531%17:05
2Rodney BrockmanCameron LodewyksRagnvald Myntti0233531%17:22
3Yakov KabanovBryan WeissGennady Yarkovoi1312524%13:19
4Geordie McgeeMaitland McclereyValentin Midyushko041513%7:24
5 vs 5 Defense
Line #DefenseDefensePHYDFOFWanted %Time %Time Play
1Darrel BaxElliot Poissant0414039%21:44
2Dominic SaundersonSamuel Hammer0413534%18:43
3Reece DriedgerJonah Keitaanranta0412527%14:43
4Dominic SaundersonDarrel Bax12200%0:00
Power Play Forward
Line #Left WingCenterRight WingPHYDFOFWanted %Time %Time Play
1Rodney BrockmanTimothy ChisholmGerman Tabanov0055053%1:03
2Steven PinsonneaultCameron LodewyksRagnvald Myntti0055047%0:56
Power Play Defense
Line #DefenseDefensePHYDFOFWanted %Time %Time Play
1Dominic SaundersonDarrel Bax0055033%0:39
2Elliot PoissantSamuel Hammer0055067%1:20
Penalty Kill 4 Players Forward
Line #CenterWingPHYDFOFWanted %Time %Time Play
1Rodney BrockmanRagnvald Myntti0505030%0:36
2Cameron LodewyksValentin Midyushko0505070%1:23
Penalty Kill 4 Players Defense
Line #DefenseDefensePHYDFOFWanted %Time %Time Play
1Dominic SaundersonDarrel Bax0505054%1:04
2Elliot PoissantSamuel Hammer0505046%0:55
Penalty Kill 3 Players
Line #WingPHYDFOFWanted %Time %Time PlayDefenseDefensePHYDFOFWanted %Time %Time Play
1Ragnvald Myntti050500%0:00 Dominic SaundersonDarrel Bax050500%0:00
2Valentin Midyushko050500%0:00 Elliot PoissantSamuel Hammer050500%0:00
4 vs 4 Forward
Line #CenterWingPHYDFOFWanted %Time %Time Play
1Timothy ChisholmRodney Brockman023500%0:00
2Cameron LodewyksGerman Tabanov023500%0:00
4 vs 4 Defense
Line #DefensePHYDFOFWanted %Time %Time Play
1Dominic SaundersonDarrel Bax041500%0:00
2Elliot PoissantSamuel Hammer041500%0:00
Last Minutes Offensive
Left WingCenterRight WingDefenseDefense
Rodney BrockmanTimothy ChisholmGerman TabanovDominic SaundersonDarrel Bax
Last Minutes Defensive
Left WingCenterRight WingDefenseDefense
Rodney BrockmanCameron LodewyksRagnvald MynttiElliot PoissantReece Driedger
Time
Total ForwardTotal DefenseLast Minutes OffensiveLast Minutes Defensive
60:00 60:00 0:520:00
Extra Forwards
Normal PowerPlayPenalty Kill
Steven Pinsonneault, Timothy Chisholm, Rodney BrockmanRagnvald Myntti, Timothy ChisholmYakov Kabanov
Extra Defensemen
Normal PowerPlayPenalty Kill
Dominic Saunderson, Darrel Bax, Elliot PoissantDarrel Bax, Dominic SaundersonDarrel Bax
Penalty Shots
Dominic Saunderson, Cameron Lodewyks, Elliot Poissant, Rodney Brockman, Timothy Chisholm
Goalie
Tor Kronberg, Pierre-Anthony Back
Custom OT Lines Forwards
Timothy Chisholm, Cameron Lodewyks, Rodney Brockman, German Tabanov, Gennady Yarkovoi, Yakov Kabanov, Steven Pinsonneault, Ragnvald Myntti, Valentin Midyushko, Geordie Mcgee
Custom OT Lines Defensemen
Dominic Saunderson, Darrel Bax, Elliot Poissant, Samuel Hammer, Reece Driedger
Scratches
None
1st Period

0:01 of 1st period - Kurt Palmqvist wins face-off versus Timothy Chisholm in neutral zone.
0:34 of 1st period - Albert Lager is hit by Cameron Lodewyks and loses puck.
1:17 of 1st period - Snap shot by Kurt Palmqvist.
1:17 of 1st period - Shot Misses the Net.
1:19 of 1st period - Slapshot by Jody Larose.
1:19 of 1st period - Shot Blocked by Dominic Saunderson.
1:23 of 1st period - Snap shot by Kurt Palmqvist.
1:23 of 1st period - Shot Blocked by Valentin Midyushko.
2:06 of 1st period - Snap shot by Neale Pollak.
2:06 of 1st period - Stopped by Tor Kronberg with a rebound.
2:41 of 1st period - Slapshot by Kurt Palmqvist.
2:41 of 1st period - Stopped by Tor Kronberg with a rebound.
3:38 of 1st period - Elliot Poissant is hit by Michael Dineen and loses puck.
4:06 of 1st period - Dominic Saunderson is hit by Kurt Palmqvist and loses puck.
4:22 of 1st period - Icing by Samuel Hammer.
4:23 of 1st period - Heyward Wahl wins face-off versus Cameron Lodewyks in Knights zone.
4:48 of 1st period - Derrick Pinches is hit by Steven Pinsonneault and loses puck.
5:15 of 1st period - Wrist shot by Albert Lager.
5:15 of 1st period - Shot Misses the Net.
5:29 of 1st period - Wrist shot by B.J. Keogan.
5:29 of 1st period - Deflect By Dominic Saunderson.
5:29 of 1st period - Stopped by Tor Kronberg with a rebound.
5:40 of 1st period - Off-side.
5:41 of 1st period - Neale Pollak wins face-off versus Cameron Lodewyks in neutral zone.
5:58 of 1st period - Slapshot by Albert Lager.
5:58 of 1st period - Stopped by Tor Kronberg with a rebound.
6:33 of 1st period - Yakov Kabanov is hit by Ignaty Falbush and loses puck.
6:42 of 1st period - Snap shot by Gennady Yarkovoi.
6:42 of 1st period - Stopped by Pascal Lord without a rebound.
6:43 of 1st period - Cameron Lodewyks wins face-off versus Kurt Palmqvist in Stingrays zone.
6:57 of 1st period - Wrist shot by Rodney Brockman.
6:57 of 1st period - Stopped by Pascal Lord with a rebound.
6:59 of 1st period - Snap shot by Ragnvald Myntti.
6:59 of 1st period - Shot Blocked by Kurt Palmqvist.
7:43 of 1st period - Slapshot by Bryan Weiss.
7:43 of 1st period - Stopped by Pascal Lord with a rebound.
7:55 of 1st period - Yakov Kabanov is hit by Michael Dineen and loses puck.
8:14 of 1st period - Wrist shot by Michael Dineen.
8:14 of 1st period - Stopped by Tor Kronberg without a rebound.
8:15 of 1st period - Kurt Palmqvist wins face-off versus Cameron Lodewyks in Knights zone.
8:22 of 1st period - Slapshot by Rodney Brockman.
8:22 of 1st period - Stopped by Pascal Lord without a rebound.
8:23 of 1st period - Cameron Lodewyks wins face-off versus Kurt Palmqvist in Stingrays zone.
8:32 of 1st period - Slapshot by Ragnvald Myntti.
8:32 of 1st period - Shot Blocked by Anthony Lowry.
8:52 of 1st period - Wrist shot by Maitland Mcclerey.
8:52 of 1st period - Stopped by Pascal Lord with a rebound.
8:58 of 1st period - Wrist shot by B.J. Keogan.
8:58 of 1st period - Stopped by Tor Kronberg without a rebound.
8:59 of 1st period - Neale Pollak wins face-off versus Timothy Chisholm in Knights zone.
9:00 of 1st period - Snap shot by Brady Europe.
9:00 of 1st period - Shot Misses the Net.
9:33 of 1st period - Snap shot by Ragnvald Myntti.
9:33 of 1st period - Shot Misses the Net.
10:00 of 1st period - Snap shot by Kurt Palmqvist.
10:00 of 1st period - Shot Misses the Net.
10:08 of 1st period - B.J. Keogan is hit by Darrel Bax and loses puck.
10:26 of 1st period - Ignaty Falbush is hit by Reece Driedger and loses puck.
11:26 of 1st period - Wrist shot by Ragnvald Myntti.
11:26 of 1st period - Shot Misses the Net.
11:36 of 1st period - Snap shot by German Tabanov.
11:36 of 1st period - Stopped by Pascal Lord without a rebound.
11:37 of 1st period - Neale Pollak wins face-off versus Timothy Chisholm in Stingrays zone.
11:48 of 1st period - Wrist shot by Neale Pollak.
11:48 of 1st period - Shot Blocked by Dominic Saunderson.
11:54 of 1st period - Wrist shot by Neale Pollak.
11:54 of 1st period - Shot Blocked by Timothy Chisholm.
12:08 of 1st period - Rodney Brockman is hit by Michael Dineen and loses puck.
12:27 of 1st period - Yakov Kabanov is hit by B.J. Keogan and loses puck.
13:20 of 1st period - Slapshot by B.J. Keogan.
13:20 of 1st period - Shot Misses the Net.
13:22 of 1st period - Snap shot by Lyubomyr Makarov.
13:22 of 1st period - Stopped by Tor Kronberg with a rebound.
13:24 of 1st period - Wrist shot by Kurt Palmqvist.
13:24 of 1st period - Stopped by Tor Kronberg with a rebound.
13:26 of 1st period - Slapshot by Ignaty Falbush.
13:26 of 1st period - Deflect By Lyubomyr Makarov.
13:26 of 1st period - Shot Misses the Net.
13:26 of 1st period - Puck is out of play.
13:27 of 1st period - Neale Pollak wins face-off versus Cameron Lodewyks in Knights zone.
13:28 of 1st period - Snap shot by Albert Lager.
13:28 of 1st period - Shot Misses the Net.
13:32 of 1st period - Snap shot by Albert Lager.
13:32 of 1st period - Shot Misses the Net.
13:58 of 1st period - Snap shot by Michael Dineen.
13:58 of 1st period - Shot Misses the Net.
14:00 of 1st period - Slapshot by Francois Prigione.
14:00 of 1st period - Shot Misses the Net.
14:02 of 1st period - Snap shot by Derrick Pinches.
14:02 of 1st period - Stopped by Tor Kronberg without a rebound.
14:03 of 1st period - Timothy Chisholm wins face-off versus Michael Dineen in Knights zone.
14:35 of 1st period - Slapshot by Neale Pollak.
14:35 of 1st period - Shot Misses the Net.
14:37 of 1st period - Backhand shot by Albert Lager.
14:37 of 1st period - Shot Misses the Net.
14:59 of 1st period - Snap shot by Gennady Yarkovoi.
14:59 of 1st period - Shot Blocked by Anthony Lowry.
15:15 of 1st period - Wrist shot by Maitland Mcclerey.
15:15 of 1st period - Shot Misses the Net.
15:17 of 1st period - Snap shot by Jonah Keitaanranta.
15:17 of 1st period - Shot Blocked by Jody Larose.
15:19 of 1st period - Snap shot by Jonah Keitaanranta.
15:19 of 1st period - Shot Blocked by Ignaty Falbush.
15:21 of 1st period - Wrist shot by Geordie Mcgee.
15:21 of 1st period - Shot Misses the Net.
15:39 of 1st period - Wrist shot by Alec Welsford.
15:39 of 1st period - Shot Misses the Net.
15:41 of 1st period - Snap shot by Michael Dineen.
15:41 of 1st period - Stopped by Tor Kronberg with a rebound.
15:43 of 1st period - Snap shot by Derrick Pinches.
15:43 of 1st period - Shot Misses the Net.
15:45 of 1st period - Wrist shot by Michael Dineen.
15:45 of 1st period - Shot Misses the Net.
16:41 of 1st period - Heyward Wahl is hit by Dominic Saunderson and loses puck.
16:58 of 1st period - Samuel Hammer is hit by Dino Hartney and loses puck.
17:05 of 1st period - Slapshot by Darrel Bax.
17:05 of 1st period - Stopped by Pascal Lord without a rebound.
17:06 of 1st period - Neale Pollak wins face-off versus Cameron Lodewyks in Stingrays zone.
17:11 of 1st period - Slapshot by Brady Europe.
17:11 of 1st period - Stopped by Tor Kronberg with a rebound.
17:13 of 1st period - Slapshot by Ignaty Falbush.
17:13 of 1st period - Stopped by Tor Kronberg with a rebound.
17:21 of 1st period - Slapshot by Albert Lager.
17:21 of 1st period - Shot Blocked by Rodney Brockman.
17:23 of 1st period - Slapshot by Ignaty Falbush.
17:23 of 1st period - Deflect By Neale Pollak.
17:23 of 1st period - Goal by Neale Pollak - Knights : 0 - Stingrays : 1.
17:24 of 1st period - Cameron Lodewyks wins face-off versus Neale Pollak in neutral zone.
17:27 of 1st period - Slapshot by Darrel Bax.
17:27 of 1st period - Stopped by Pascal Lord without a rebound.
17:28 of 1st period - Cameron Lodewyks wins face-off versus Brady Europe in Stingrays zone.
17:33 of 1st period - Slapshot by Ragnvald Myntti.
17:33 of 1st period - Stopped by Pascal Lord with a rebound.
17:42 of 1st period - Roman Mishuyev is hit by Darrel Bax and loses puck.
17:57 of 1st period - Wrist shot by German Tabanov.
17:57 of 1st period - Shot Misses the Net.
17:59 of 1st period - Slapshot by Darrel Bax.
17:59 of 1st period - Shot Misses the Net.
18:01 of 1st period - Wrist shot by Steven Pinsonneault.
18:01 of 1st period - Stopped by Pascal Lord without a rebound.
18:02 of 1st period - German Tabanov wins face-off versus Alec Welsford in Stingrays zone.
18:03 of 1st period - Snap shot by Timothy Chisholm.
18:03 of 1st period - Stopped by Pascal Lord with a rebound.
18:05 of 1st period - Snap shot by Steven Pinsonneault.
18:05 of 1st period - Shot Blocked by Dino Hartney.
18:07 of 1st period - Snap shot by Timothy Chisholm.
18:07 of 1st period - Shot Blocked by Dino Hartney.
18:09 of 1st period - Slapshot by Samuel Hammer.
18:09 of 1st period - Shot Misses the Net.
18:11 of 1st period - Snap shot by Dominic Saunderson.
18:11 of 1st period - Shot Blocked by Anthony Lowry.
18:13 of 1st period - Snap shot by Timothy Chisholm.
18:13 of 1st period - Stopped by Pascal Lord without a rebound.
18:14 of 1st period - Neale Pollak wins face-off versus Cameron Lodewyks in Stingrays zone.
18:25 of 1st period - Snap shot by Albert Lager.
18:25 of 1st period - Shot Misses the Net.
18:31 of 1st period - Wrist shot by Brady Europe.
18:31 of 1st period - Stopped by Tor Kronberg without a rebound.
18:32 of 1st period - Kurt Palmqvist wins face-off versus Timothy Chisholm in Knights zone.
19:12 of 1st period - Roman Mishuyev is hit by Cameron Lodewyks and loses puck.
19:25 of 1st period - Elliot Poissant is hit by Albert Lager and loses puck.
19:43 of 1st period - Icing by Yakov Kabanov.
19:44 of 1st period - Kurt Palmqvist wins face-off versus Maitland Mcclerey in Knights zone.
Goals for this period are 0 for Knights vs 1 for Stingrays.
Shots for this period are 12 for Knights vs 14 for Stingrays.
2nd Period

0:01 of 2nd period - Alec Welsford wins face-off versus Timothy Chisholm in neutral zone.
0:10 of 2nd period - Wrist shot by German Tabanov.
0:10 of 2nd period - Shot Misses the Net.
0:12 of 2nd period - Slapshot by Timothy Chisholm.
0:12 of 2nd period - Shot Blocked by Dino Hartney.
0:14 of 2nd period - Slapshot by Dominic Saunderson.
0:14 of 2nd period - Shot Misses the Net.
0:16 of 2nd period - Wrist shot by Steven Pinsonneault.
0:16 of 2nd period - Deflect By German Tabanov.
0:16 of 2nd period - Stopped by Pascal Lord with a rebound.
0:33 of 2nd period - Snap shot by Bryan Weiss.
0:33 of 2nd period - Stopped by Pascal Lord without a rebound.
0:34 of 2nd period - Cameron Lodewyks wins face-off versus Neale Pollak in Stingrays zone.
0:41 of 2nd period - Backhand shot by Albert Lager.
0:41 of 2nd period - Stopped by Tor Kronberg without a rebound.
0:42 of 2nd period - Neale Pollak wins face-off versus Cameron Lodewyks in Knights zone.
0:47 of 2nd period - Slapshot by Neale Pollak.
0:47 of 2nd period - Stopped by Tor Kronberg without a rebound.
0:48 of 2nd period - Kurt Palmqvist wins face-off versus Timothy Chisholm in Knights zone.
1:17 of 2nd period - Albert Lager is hit by Cameron Lodewyks and loses puck.
1:57 of 2nd period - Snap shot by Gennady Yarkovoi.
1:57 of 2nd period - Deflect By Yakov Kabanov.
1:57 of 2nd period - Stopped by Pascal Lord without a rebound.
1:58 of 2nd period - Bryan Weiss wins face-off versus Heyward Wahl in Stingrays zone.
2:32 of 2nd period - Backhand shot by Kurt Palmqvist.
2:32 of 2nd period - Shot Misses the Net.
2:58 of 2nd period - Wrist shot by Steven Pinsonneault.
2:58 of 2nd period - Shot Blocked by Francois Prigione.
3:12 of 2nd period - Wrist shot by Albert Lager.
3:12 of 2nd period - Stopped by Tor Kronberg with a rebound.
3:14 of 2nd period - Snap shot by Neale Pollak.
3:14 of 2nd period - Shot Misses the Net.
3:42 of 2nd period - Snap shot by Brady Europe.
3:42 of 2nd period - Stopped by Tor Kronberg without a rebound.
3:43 of 2nd period - Steven Pinsonneault wins face-off versus Kurt Palmqvist in Knights zone.
4:36 of 2nd period - Wrist shot by Maitland Mcclerey.
4:36 of 2nd period - Deflect By Geordie Mcgee.
4:36 of 2nd period - Stopped by Pascal Lord with a rebound.
4:38 of 2nd period - Slapshot by Elliot Poissant.
4:38 of 2nd period - Stopped by Pascal Lord without a rebound.
4:39 of 2nd period - Maitland Mcclerey wins face-off versus Kurt Palmqvist in Stingrays zone.
4:52 of 2nd period - Reece Driedger is hit by Kurt Palmqvist and loses puck.
5:17 of 2nd period - Wrist shot by Cameron Lodewyks.
5:17 of 2nd period - Stopped by Pascal Lord with a rebound.
6:12 of 2nd period - Heyward Wahl is hit by Reece Driedger.
6:16 of 2nd period - Geordie Mcgee is hit by Yakov Raikovsky and loses puck.
7:04 of 2nd period - Slapshot by Valentin Midyushko.
7:04 of 2nd period - Goal by Valentin Midyushko - Knights : 1 - Stingrays : 1.
7:05 of 2nd period - Cameron Lodewyks wins face-off versus Kurt Palmqvist in neutral zone.
7:18 of 2nd period - Backhand shot by B.J. Keogan.
7:18 of 2nd period - Shot Blocked by Rodney Brockman.
7:32 of 2nd period - Cameron Lodewyks is hit by Albert Lager and loses puck.
7:57 of 2nd period - Slapshot by Ragnvald Myntti.
7:57 of 2nd period - Stopped by Pascal Lord with a rebound.
8:03 of 2nd period - Snap shot by Cameron Lodewyks.
8:03 of 2nd period - Shot Misses the Net.
8:05 of 2nd period - Slapshot by Reece Driedger.
8:05 of 2nd period - Shot Blocked by Dino Hartney.
8:07 of 2nd period - Slapshot by Jonah Keitaanranta.
8:07 of 2nd period - Stopped by Pascal Lord without a rebound.
8:08 of 2nd period - Timothy Chisholm wins face-off versus Alec Welsford in Stingrays zone.
8:17 of 2nd period - Wrist shot by German Tabanov.
8:17 of 2nd period - Shot Misses the Net.
8:34 of 2nd period - Ignaty Falbush is hit by Darrel Bax.
8:48 of 2nd period - Slapshot by Derrick Pinches.
8:48 of 2nd period - Shot Misses the Net.
8:56 of 2nd period - Snap shot by Michael Dineen.
8:56 of 2nd period - Shot Blocked by Samuel Hammer.
8:58 of 2nd period - Snap shot by Derrick Pinches.
8:58 of 2nd period - Deflect By Michael Dineen.
8:58 of 2nd period - Stopped by Tor Kronberg with a rebound.
9:00 of 2nd period - Wrist shot by Derrick Pinches.
9:00 of 2nd period - Shot Blocked by Dominic Saunderson.
9:02 of 2nd period - Wrist shot by Alec Welsford.
9:02 of 2nd period - Stopped by Tor Kronberg without a rebound.
9:03 of 2nd period - Kurt Palmqvist wins face-off versus Timothy Chisholm in Knights zone.
9:29 of 2nd period - Icing by Kurt Palmqvist.
9:30 of 2nd period - Bryan Weiss wins face-off versus Neale Pollak in Stingrays zone.
9:39 of 2nd period - Slapshot by Roman Mishuyev.
9:39 of 2nd period - Deflect By Neale Pollak.
9:39 of 2nd period - Shot Misses the Net.
9:39 of 2nd period - Puck is out of play.
9:40 of 2nd period - Kurt Palmqvist wins face-off versus Timothy Chisholm in Knights zone.
10:53 of 2nd period - Geordie Mcgee is hit by Francois Prigione and loses puck.
11:01 of 2nd period - Slapshot by Jody Larose.
11:01 of 2nd period - Stopped by Tor Kronberg with a rebound.
11:03 of 2nd period - Slapshot by Jody Larose.
11:03 of 2nd period - Stopped by Tor Kronberg with a rebound.
11:24 of 2nd period - Wrist shot by Timothy Chisholm.
11:24 of 2nd period - Stopped by Pascal Lord without a rebound.
11:25 of 2nd period - Alec Welsford wins face-off versus Cameron Lodewyks in Stingrays zone.
12:17 of 2nd period - Snap shot by Neale Pollak.
12:17 of 2nd period - Shot Misses the Net.
12:43 of 2nd period - Wrist shot by Cameron Lodewyks.
12:43 of 2nd period - Shot Misses the Net.
12:45 of 2nd period - Snap shot by Ragnvald Myntti.
12:45 of 2nd period - Shot Blocked by Anthony Lowry.
12:49 of 2nd period - Snap shot by Rodney Brockman.
12:49 of 2nd period - Stopped by Pascal Lord without a rebound.
12:50 of 2nd period - Timothy Chisholm wins face-off versus Kurt Palmqvist in Stingrays zone.
12:51 of 2nd period - Wrist shot by German Tabanov.
12:51 of 2nd period - Shot Blocked by Ignaty Falbush.
13:06 of 2nd period - Wrist shot by Lyubomyr Makarov.
13:06 of 2nd period - Stopped by Tor Kronberg with a rebound.
13:43 of 2nd period - Snap shot by Michael Dineen.
13:43 of 2nd period - Goal by Michael Dineen - Knights : 1 - Stingrays : 2.
13:44 of 2nd period - Timothy Chisholm wins face-off versus Kurt Palmqvist in neutral zone.
14:11 of 2nd period - Anthony Lowry is hit by Dominic Saunderson and loses puck.
14:37 of 2nd period - Minor Penalty to Brady Europe for Hooking.
14:38 of 2nd period - Heyward Wahl wins face-off versus Timothy Chisholm in Stingrays zone.
15:08 of 2nd period - Snap shot by Steven Pinsonneault.
15:08 of 2nd period - Stopped by Pascal Lord without a rebound.
15:09 of 2nd period - Neale Pollak wins face-off versus Cameron Lodewyks in Stingrays zone.
15:51 of 2nd period - Icing by Elliot Poissant.
15:52 of 2nd period - Neale Pollak wins face-off versus Cameron Lodewyks in Knights zone.
16:03 of 2nd period - Snap shot by Steven Pinsonneault.
16:03 of 2nd period - Shot Blocked by Jody Larose.
16:37 of 2nd period - Penalty to Brady Europe is over, Brady Europe is back on ice.
16:51 of 2nd period - Snap shot by Michael Dineen.
16:51 of 2nd period - Stopped by Tor Kronberg without a rebound.
16:52 of 2nd period - Alec Welsford wins face-off versus Timothy Chisholm in Knights zone.
16:57 of 2nd period - Snap shot by Alec Welsford.
16:57 of 2nd period - Stopped by Tor Kronberg without a rebound.
16:58 of 2nd period - Timothy Chisholm wins face-off versus Alec Welsford in Knights zone.
17:25 of 2nd period - Slapshot by Anthony Lowry.
17:25 of 2nd period - Shot Misses the Net.
17:27 of 2nd period - Wrist shot by Dino Hartney.
17:27 of 2nd period - Shot Blocked by Rodney Brockman.
17:29 of 2nd period - Snap shot by B.J. Keogan.
17:29 of 2nd period - Stopped by Tor Kronberg without a rebound.
17:30 of 2nd period - Cameron Lodewyks wins face-off versus Kurt Palmqvist in Knights zone.
18:43 of 2nd period - Wrist shot by Neale Pollak.
18:43 of 2nd period - Goal by Neale Pollak - Knights : 1 - Stingrays : 3.
18:44 of 2nd period - Neale Pollak wins face-off versus Cameron Lodewyks in neutral zone.
19:36 of 2nd period - Wrist shot by Hale Jeffs.
19:36 of 2nd period - Shot Blocked by Samuel Hammer.
Goals for this period are 1 for Knights vs 2 for Stingrays.
Shots for this period are 12 for Knights vs 14 for Stingrays.
3rd Period

0:01 of 3rd period - Brady Europe wins face-off versus Cameron Lodewyks in neutral zone.
0:15 of 3rd period - Off-side.
0:16 of 3rd period - Alec Welsford wins face-off versus Timothy Chisholm in neutral zone.
0:19 of 3rd period - Darrel Bax is hit by Michael Dineen and loses puck.
0:28 of 3rd period - Snap shot by Michael Dineen.
0:28 of 3rd period - Shot Misses the Net.
0:30 of 3rd period - Snap shot by Derrick Pinches.
0:30 of 3rd period - Stopped by Tor Kronberg with a rebound.
0:32 of 3rd period - Snap shot by Derrick Pinches.
0:32 of 3rd period - Shot Blocked by Darrel Bax.
1:39 of 3rd period - Slapshot by Roman Mishuyev.
1:39 of 3rd period - Shot Blocked by Samuel Hammer.
1:41 of 3rd period - Snap shot by Alec Welsford.
1:41 of 3rd period - Stopped by Tor Kronberg without a rebound.
1:42 of 3rd period - Cameron Lodewyks wins face-off versus Kurt Palmqvist in Knights zone.
1:42 of 3rd period - Cameron Lodewyks is hit by Dino Hartney.
2:08 of 3rd period - Albert Lager is hit by Elliot Poissant and loses puck.
3:37 of 3rd period - Snap shot by Neale Pollak.
3:37 of 3rd period - Stopped by Tor Kronberg with a rebound.
3:44 of 3rd period - Off-side.
3:45 of 3rd period - Timothy Chisholm wins face-off versus Alec Welsford in neutral zone.
4:37 of 3rd period - Wrist shot by Kurt Palmqvist.
4:37 of 3rd period - Shot Blocked by Dominic Saunderson.
4:39 of 3rd period - Slapshot by Jody Larose.
4:39 of 3rd period - Deflect By Lyubomyr Makarov.
4:39 of 3rd period - Shot Blocked by Samuel Hammer.
4:39 of 3rd period - Puck is out of play.
4:40 of 3rd period - Alec Welsford wins face-off versus Timothy Chisholm in Knights zone.
5:07 of 3rd period - Cameron Lodewyks is hit by Brady Europe and loses puck.
5:30 of 3rd period - Wrist shot by Yakov Kabanov.
5:30 of 3rd period - Shot Misses the Net.
5:32 of 3rd period - Slapshot by Elliot Poissant.
5:32 of 3rd period - Stopped by Pascal Lord with a rebound.
5:34 of 3rd period - Slapshot by Darrel Bax.
5:34 of 3rd period - Stopped by Pascal Lord with a rebound.
5:36 of 3rd period - Snap shot by Yakov Kabanov.
5:36 of 3rd period - Knights goal is going for a video replay.
5:36 of 3rd period - The goal is good.
5:36 of 3rd period - Goal by Yakov Kabanov - Knights : 2 - Stingrays : 3.
5:37 of 3rd period - Neale Pollak wins face-off versus Steven Pinsonneault in neutral zone.
6:11 of 3rd period - Cameron Lodewyks is hit by Michael Dineen and loses puck.
7:14 of 3rd period - Wrist shot by Neale Pollak.
7:14 of 3rd period - Stopped by Tor Kronberg with a rebound.
7:16 of 3rd period - Wrist shot by Albert Lager.
7:16 of 3rd period - Stopped by Tor Kronberg with a rebound.
7:54 of 3rd period - Off-side.
7:55 of 3rd period - German Tabanov wins face-off versus Neale Pollak in neutral zone.
9:47 of 3rd period - Rodney Brockman is hit by Alec Welsford and loses puck.
9:54 of 3rd period - Michael Dineen is hit by Cameron Lodewyks and loses puck.
10:36 of 3rd period - Snap shot by Albert Lager.
10:36 of 3rd period - Stopped by Tor Kronberg with a rebound.
11:28 of 3rd period - Slapshot by Samuel Hammer.
11:28 of 3rd period - Shot Blocked by Derrick Pinches.
11:43 of 3rd period - Off-side.
11:44 of 3rd period - Kurt Palmqvist wins face-off versus Timothy Chisholm in neutral zone.
11:59 of 3rd period - Slapshot by Francois Prigione.
11:59 of 3rd period - Deflect By Timothy Chisholm.
11:59 of 3rd period - Stopped by Tor Kronberg with a rebound.
12:35 of 3rd period - Snap shot by Maitland Mcclerey.
12:35 of 3rd period - Shot Misses the Net.
13:41 of 3rd period - Off-side.
13:42 of 3rd period - Rodney Brockman wins face-off versus Neale Pollak in neutral zone.
14:22 of 3rd period - Snap shot by Rodney Brockman.
14:22 of 3rd period - Stopped by Pascal Lord with a rebound.
14:24 of 3rd period - Snap shot by Ragnvald Myntti.
14:24 of 3rd period - Deflect By Rodney Brockman.
14:24 of 3rd period - Stopped by Pascal Lord with a rebound.
14:35 of 3rd period - Minor Penalty to Cameron Lodewyks for Roughing.
14:36 of 3rd period - Kurt Palmqvist wins face-off versus Yakov Kabanov in Knights zone.
15:02 of 3rd period - Dominic Saunderson is hit by Michael Dineen and loses puck.
15:21 of 3rd period - Kurt Palmqvist is hit by Samuel Hammer and loses puck.
15:40 of 3rd period - Dino Hartney is hit by Elliot Poissant and loses puck.
16:23 of 3rd period - Francois Prigione is hit by Dominic Saunderson.
16:35 of 3rd period - Penalty to Cameron Lodewyks is over, Cameron Lodewyks is back on ice.
16:47 of 3rd period - Wrist shot by Albert Lager.
16:47 of 3rd period - Shot Misses the Net.
17:03 of 3rd period - Hale Jeffs is hit by Gennady Yarkovoi and loses puck.
18:49 of 3rd period - Knights, Tor Kronberg is pulled from the net.
18:57 of 3rd period - Wrist shot by German Tabanov.
18:57 of 3rd period - Stopped by Pascal Lord with a rebound.
19:26 of 3rd period - Backhand shot by Michael Dineen.
19:26 of 3rd period - Shot Misses the Net.
19:28 of 3rd period - Slapshot by Dino Hartney.
19:28 of 3rd period - Shot Blocked by Reece Driedger.
19:34 of 3rd period - Wrist shot by Michael Dineen.
19:34 of 3rd period - Shot Blocked by Jonah Keitaanranta.
19:36 of 3rd period - Slapshot by Anthony Lowry.
19:36 of 3rd period - Goal by Anthony Lowry - Knights : 2 - Stingrays : 4.
19:36 of 3rd period - Tor Kronberg from Knights was sent back in the game.
19:37 of 3rd period - Cameron Lodewyks wins face-off versus Lyubomyr Makarov in neutral zone.
19:41 of 3rd period - Wrist shot by Cameron Lodewyks.
19:41 of 3rd period - Stopped by Pascal Lord with a rebound.
19:43 of 3rd period - Snap shot by Steven Pinsonneault.
19:43 of 3rd period - Shot Misses the Net.
19:47 of 3rd period - Snap shot by Gennady Yarkovoi.
19:47 of 3rd period - Shot Misses the Net.
19:49 of 3rd period - Snap shot by Cameron Lodewyks.
19:49 of 3rd period - Shot Misses the Net.
19:51 of 3rd period - Slapshot by Samuel Hammer.
19:51 of 3rd period - Stopped by Pascal Lord with a rebound.
19:53 of 3rd period - Snap shot by Steven Pinsonneault.
19:53 of 3rd period - Shot Misses the Net.
Goals for this period are 1 for Knights vs 1 for Stingrays.
Shots for this period are 8 for Knights vs 8 for Stingrays.

3 STARS

1st Star
C
17
G 2
A 0
+/- 3
TOI 18:44
2nd Star
LW
24
G 1
A 1
+/- 2
TOI 16:41
3rd Star
D
7
G 1
A 1
+/- 1
TOI 20:07

Game Stats

KNI
VS
STI
2 Goals 4
32 Shots 36
16 Blocked Shots 15
18 Missed Shots 25
44 Faceoff % 56
1 Power Plays 1
0 Power Play Goals 0
0 Power Play % 0

GAME DETAILS

VENUE
Unknown
CITY
Unknown
REFEREES
Charlie Van Kula, Don Adam
LINESMEN
William Bailey, Dan Schachte
ATTENDANCE
17,474